 Dungeon Crawl Stone Soup version 0.17.1-3-g152610e (webtiles) character file.

98 kaze the Sneak (level 4, 0/34 HPs)
             Began as a Vampire Assassin on Mar 21, 2016.
             Slain by a giant frog (2 damage)
             ... on level 3 of the Dungeon.
             The game lasted 00:09:08 (2459 turns).

kaze the Sneak (Vampire Assassin)                   Turns: 2459, Time: 00:09:08

Health: 0/34       AC:  4    Str: 10    XL:     4   Next: 43%
Magic:  4/4        EV: 11    Int: 13    God:
Gold:   98         SH:  3    Dex: 16    Spells: 0 memorised, 3 levels left

rFire  . . .     SeeInvis +     w - +0 blowgun
rCold  . . .     Clarity  .     x - +0 leather armour
rNeg   + . .     SustAt   .     j - +0 buckler
rPois  .         Gourm    +     (no helmet)
rElec  .         Spirit   .     d - +0 cloak
rCorr  .         Warding  .     (no gloves)
rMut   .         Stasis   .     (no boots)
MR     .....                    p - amulet of the gourmand
Stlth  ++++......               (no ring)
                                A - ring of flight

@: not resistant to hostile enchantments, stealthy
A: fangs 3, see invisible, unbreathing
a: Bat Form, Evoke Flight


You were on level 3 of the Dungeon.
You were not thirsty.

You visited 1 branch of the dungeon, and saw 3 of its levels.

You collected 98 gold pieces.

Inventory:

Hand Weapons
 a - a +2 dagger
 e - a +0 hunting sling
 w - a +0 blowgun (weapon)
Missiles
 f - 2 curare-tipped needles
 g - 3 poisoned needles (quivered)
 k - 134 stones
 o - 42 sling bullets
Armour
 d - a +0 cloak (worn)
 j - a +0 buckler (worn)
 x - a +0 leather armour (worn)
Jewellery
 p - an amulet of the gourmand (around neck)
 A - a ring of flight (left hand)
Wands
 b - a wand of paralysis (13)
Scrolls
 h - 3 scrolls of identify {unknown}
 i - a scroll of amnesia {unknown}
 l - 4 scrolls of remove curse {unknown}
 m - a scroll of fog {unknown}
 n - a scroll of teleportation {unknown}
 s - a scroll of enchant armour {unknown}
Potions
 r - 3 potions of blood
 t - a potion of agility {unknown}
 u - a potion of magic {unknown}
 v - a potion of curing {unknown}
 z - a potion of poison {unknown}


   Skills:
 + Level 2.4 Fighting
 + Level 2.4 Short Blades
 + Level 1.9 Throwing
 + Level 0.1 Armour
 + Level 1.8 Dodging
 + Level 7.7 Stealth


You had 3 spell levels left.
You didn't know any spells.

Dungeon Overview and Level Annotations

Branches:
Dungeon (3/15)

Altars:
Nemelex Xobeh
The Shining One


Innate Abilities, Weirdness & Mutations

You have razor-sharp teeth.
You have supernaturally acute eyesight.
You can survive without breathing.


Message History

The giant frog hits you.
* * * LOW HITPOINT WARNING * * *
The giant frog misses you.
Firing (i - inventory. (,) - cycle):
g - 5 poisoned needles (quivered)
Press: ? - help, Shift-Dir - straight line, f/p - giant frog
Aim: a giant frog (moderately wounded)
You shoot a poisoned needle.
The poisoned needle completely misses the giant frog.
The giant frog hits you but does no damage.
The giant frog hits you.
* * * LOW HITPOINT WARNING * * *
Firing (i - inventory. (,) - cycle):
g - 4 poisoned needles (quivered)
Press: ? - help, Shift-Dir - straight line, f/p - giant frog
Aim: a giant frog (moderately wounded)
You shoot a poisoned needle.
The poisoned needle closely misses the giant frog.
The giant frog misses you. The giant frog hits you.
* * * LOW HITPOINT WARNING * * *
The giant frog hits you.
You die...

.K.###.####..#
#........>..†#
.....8....##.# #
#...8.8......####### #
#..8._.8..##........ #
....8.8......####### ##
...(.8.......# ########
#. #........#.F.#
#......# #.
.......####@## #.####.#
##. #.....# #...#
#.####.####.. #...#
#..[# #.#.......#.. ...
#...###.#.##.#..#.. ..
#####.........##.......
#...................###
.......................
#...........#.##....###
#####...#####.##.#### #


You could see a giant frog.

Vanquished Creatures
  3 adders
  3 oozes
  3 worms
  A giant gecko (D:1)
  An orc (D:3)
  3 bats
  3 giant cockroaches
  6 hobgoblins
  6 jackals
  2 quokkas
  A ball python (D:3)
  2 giant newts
  8 goblins
  3 kobolds
  2 rats (D:2)
47 creatures vanquished.

Notes
Turn   | Place    | Note
--------------------------------------------------------------
     0 | D:1      | kaze the Vampire Assassin began the quest for the Orb.
     0 | D:1      | Reached XP level 1. HP: 16/16 MP: 1/1
    16 | D:1      | Reached skill level 6 in Stealth
    37 | D:1      | Reached XP level 2. HP: 20/22 MP: 2/2
   604 | D:2      | Reached skill level 7 in Stealth
   604 | D:2      | Reached XP level 3. HP: 8/27 MP: 3/3
  1232 | D:2      | Found a glowing golden altar of the Shining One.
  1340 | D:2      | Found a sparkling altar of Nemelex Xobeh.
  1987 | D:2      | Reached XP level 4. HP: 24/33 MP: 4/4
  2425 | D:3      | Found a faded altar to an unknown god.
  2437 | D:3      | Noticed a giant frog
  2459 | D:3      | Slain by a giant frog

Action                   |  1- 3 |  4- 6 || total
-------------------------+-------+-------++-------
Melee: Dagger            |   101 |    55 ||   156
 Fire: Blowgun           |    16 |     5 ||    21
  Use: Potion            |     5 |     3 ||     8
 Stab: Sleeping          |     9 |     5 ||    14
       Distracted        |       |     1 ||     1
